 Dungeon Crawl Stone Soup version 0.21.1-1-g345015fe64 (webtiles) character file.

1220 Lavandula the Geomancer (level 8, -4/52 HPs)
             Began as a Barachi Earth Elementalist on July 23, 2018.
             Slain by a centaur (8 damage)
             ... on level 7 of the Dungeon.
             The game lasted 00:13:12 (2547 turns).

Lavandula the Geomancer (BaEE)                      Turns: 2547, Time: 00:13:13

Health: -4/52      AC:  3    Str:  9    XL:     8   Next: 47%
Magic:  14/15      EV: 12    Int: 17    God:
Gold:   154        SH:  0    Dex: 14    Spells: 2/17 levels left

rFire    . . .     SeeInvis .   p - +2 dagger (vamp)
rCold    . . .     Gourm    .   (no shield)
rNeg     + . .     Faith    +   c - +0 robe
rPois    .         Spirit   .   (no helmet)
rElec    .         Reflect  .   (no cloak)
rCorr    .         Harm     .   n - +0 pair of gloves
MR       .....                  (no boots)
Stlth    +++.......             A - amulet of faith
HPRegen  0.17/turn              a - ring of positive energy
MPRegen  0.14/turn              E - ring of stealth

@: can't hop, slow
A: +LOS, swims, slowness 1, strong legs 1
a: Hop


You were on level 7 of the Dungeon.
You were not hungry.

You visited 2 branches of the dungeon, and saw 9 of its levels.

You collected 154 gold pieces.

Inventory:

Hand Weapons
 h - a -2 falchion
 o - a +0 short sword
 p - a +2 vampiric dagger (weapon)
 s - a +0 hand axe
 F - a +0 flail of crushing
Missiles
 b - 74 stones (quivered)
Armour
 c - a +0 robe (worn)
 f - a +0 scale mail
 n - a +0 pair of gloves (worn)
Jewellery
 a - a ring of positive energy (left hand)
 w - an uncursed ring of protection from fire
 A - an amulet of faith (around neck)
 E - a ring of stealth (right hand)
Wands
 C - a wand of acid (4)
 D - a wand of iceblast (9)
Scrolls
 k - 3 scrolls of teleportation
 r - a scroll of magic mapping
 v - 2 scrolls of remove curse
 x - 4 scrolls of amnesia
 y - a scroll of enchant weapon
 G - 2 scrolls of immolation
Potions
 g - 3 potions of curing
 i - a potion of haste {unknown}
 j - a potion of flight {unknown}
 l - a potion of ambrosia {unknown}
 m - a potion of agility {unknown}
 q - a potion of lignification {unknown}
 t - a potion of brilliance {unknown}
 u - 2 potions of invisibility {unknown}
 z - a potion of heal wounds
Books
 e - a book of Geomancy

   Spells                             Type                      Level
   a - Sandblast                      Earth                        1
   b - Passwall                       Transmutation/Earth          2
   c - Stone Arrow                    Conjuration/Earth            3
   d - Petrify                        Transmutation/Earth          4
   e - Lee's Rapid Deconstruction     Earth                        5
 B - a book of Cantrips

   Spells                             Type                      Level
   a - Confusing Touch                Hexes                        1
   b - Animate Skeleton               Necromancy                   1
   c - Summon Small Mammal            Summoning                    1
   d - Apportation                    Translocation                1
Comestibles
 d - 6 rations


   Skills:
 - Level 0.2 Fighting
 + Level 2.0 Short Blades
 - Level 2.1 Dodging
 - Level 1.7 Stealth
 - Level 5.2 Spellcasting
 - Level 1.1 Transmutations
 - Level 8.9 Earth Magic


You had 2 spell levels left.
You knew the following spells:

 Your Spells              Type           Power        Failure   Level  Hunger
a - Sandblast             Erth           ####..       1%          1    None
b - Stone Arrow           Conj/Erth      ###...       7%          3    ###....
c - Petrify               Tmut/Erth      ###.....     17%         4    ####...
d - Lee's Rapid Deconstr  Erth           ####......   10%         5    ######.
e - Animate Skeleton      Necr           N/A          14%         1    None
g - Apportation           Tloc           #.....       14%         1    None


Dungeon Overview and Level Annotations

Branches:
Dungeon (8/15)             Temple (1/1) D:4
   Lair: D:8-11

Altars:
Ashenzari
Dithmenos
Gozag
Hepliaklqana
Makhleb
Nemelex Xobeh
Okawaru
Ru
Sif Muna
Uskayaw
Xom
Yredelemnul
Zin
The Shining One
Lugonu

Annotations:
D:5 1 transporter


Innate Abilities, Weirdness & Mutations

Shadows flee at your approach. (+LOS)
You can swim through water.
You cover ground slowly.
You can hop short distances.


Message History

You hit the centaur.
You feel better.
The centaur is lightly wounded.
The centaur hits you!
You hit the centaur.
The centaur is moderately wounded.
The centaur hits you!
* * * LOW HITPOINT WARNING * * *
Unknown command.
Casting: Sandblast
Confirm with . or Enter, or press ? or * to list all spells.
Aiming: Sandblast
Press: ? - help, Shift-Dir - straight line, f - centaur
Aim: a centaur (moderately wounded)
The blast of sand hits the centaur.
The centaur is almost dead.
b - 74 stones The centaur hits you!
* * * LOW HITPOINT WARNING * * *
The centaur hits you!
You die...

######.#.. .......#.#
######.#.#######
#..........
#..####################
..###.....................
..........................
..........W............%.#
...#####..#####(@.####.#<#
## ##.# #...c.......# #..
#...(..#..#.# ##.#
#...####..#+# .# #....
.... ยง. #..######. #.
.... .. ..?... ## .....


You could see a phantom and a centaur.

Vanquished Creatures
  A soldier ant (D:6)
  An ice beast (D:6)
  4 ogres
  The ghost of engine7v the Slasher, an amateur DsGl (D:4)
  A centaur (D:5)
  A bullfrog (D:6)
  A scorpion (D:5)
  2 crimson imps
  A bullfrog zombie (D:5)
  A centaur zombie (D:5)
  A jelly (D:5)
  2 bullfrog skeletons (D:5)
  A worker ant (D:4)
  A worker ant zombie (D:5)
  4 adders
  5 gnolls (D:4)
  A howler monkey skeleton (D:4)
  An ooze (D:4)
  2 adder skeletons
  A worm (D:2)
  A dart slug (D:3)
  2 leopard geckos (D:6)
  2 orcs
  3 giant cockroaches
  2 goblins
  5 hobgoblins
  4 jackals
  3 kobolds
  3 quokkas
  6 bats
  5 frilled lizards
  A giant cockroach zombie (D:5)
  A jackal zombie (D:5)
  A quokka skeleton (D:5)
  A quokka zombie (D:5)
  2 rats (D:1)
75 creatures vanquished.

Notes
Turn   | Place    | Note
-------+----------+-------------------------------------------
     0 | D:1      | Lavandula the Barachi Earth Elementalist began the quest for the Orb.
     0 | D:1      | Reached XP level 1. HP: 13/13 MP: 3/3
   146 | D:2      | Reached XP level 2. HP: 19/19 MP: 0/5
   213 | D:2      | Reached XP level 3. HP: 10/24 MP: 1/8
   241 | D:2      | Learned a level 3 spell: Stone Arrow
   350 | D:2      | Found a hide-covered altar of Uskayaw.
   352 | D:2      | Noticed a dagger
   354 | D:2      | Noticed a dagger
   595 | D:3      | Found a hazy altar of Hepliaklqana.
   596 | D:3      | Found a shimmering altar of Xom.
   596 | D:3      | Noticed a bullfrog
   597 | D:3      | Noticed a spectral ugly thing
   597 | D:3      | Noticed a bullfrog
   666 | D:4      | Found a staircase to the Ecumenical Temple.
   670 | Temple   | Entered the Ecumenical Temple
   802 | D:4      | Reached XP level 4. HP: 30/30 MP: 7/10
   808 | D:4      | Learned a level 4 spell: Petrify
   828 | D:4      | Noticed engine7v's ghost (amateur DsGl)
   846 | D:5      | Entered Level 5 of the Dungeon
   846 | D:5      | Found a transporter.
   847 | D:5      | Noticed an ice beast
  1099 | D:4      | Noticed an ogre
  1105 | D:4      | Killed an ogre
  1105 | D:4      | Reached skill level 4 in Earth Magic
  1105 | D:4      | Reached XP level 5. HP: 35/35 MP: 6/11
  1271 | D:4      | Noticed an ogre
  1274 | D:4      | Killed an ogre
  1274 | D:4      | Reached skill level 5 in Spellcasting
  1274 | D:4      | Reached XP level 6. HP: 41/41 MP: 6/13
  1281 | D:4      | Learned a level 5 spell: Lee's Rapid Deconstruction
  1404 | D:4      | Killed engine7v's ghost
  1404 | D:4      | Reached skill level 5 in Earth Magic
  1586 | D:5      | Reached XP level 7. HP: 38/46 MP: 7/14
  1650 | D:5      | Reached skill level 6 in Earth Magic
  1724 | D:5      | Noticed a kobold demonologist
  1816 | D:5      | Reached skill level 7 in Earth Magic
  2032 | D:6      | Reached skill level 8 in Earth Magic
  2032 | D:6      | Reached XP level 8. HP: 49/52 MP: 12/15
  2333 | D:6      | Learned a level 1 spell: Apportation
  2335 | D:6      | Learned a level 1 spell: Animate Skeleton
  2547 | D:7      | Slain by a centaur

Skill      XL: |  1  2  3  4  5  6  7  8 |
---------------+-------------------------+-----
Spellcasting   | 3 4 5 |  5.2
Earth Magic    | 4 5 8 |  8.9
Short Blades   | 2 |  2.0
Fighting       | |  0.2
Dodging        | |  2.1
Stealth        | |  1.7
Transmutations | |  1.1

Action                   |  1- 3 |  4- 6 |  7- 9 || total
-------------------------+-------+-------+-------++-------
Melee: Unarmed           |     9 |       |       ||     9
       Short sword       |    29 |       |       ||    29
       Hand axe          |       |    11 |     9 ||    20
       Falchion          |       |       |    10 ||    10
       Dagger            |       |       |     5 ||     5
 Cast: Sandblast         |    40 |    48 |    53 ||   141
       Stone Arrow       |     2 |     5 |     3 ||    10
       Lee's Rapid Decon |       |       |     2 ||     2
 Abil: Hop               |     1 |     2 |     3 ||     6
Evoke: Wand              |       |       |     3 ||     3
  Use: Potion            |     3 |       |       ||     3
       Scroll            |       |       |     7 ||     7
  Eat: Chunk             |       |     3 |     4 ||     7
       Ration            |       |       |     2 ||     2
Armor: Robe              |    18 |     5 |    11 ||    34
Dodge: Dodged            |    61 |    18 |    50 ||   129
       Rpst.: Falchion   |       |       |    15 ||    15
